 Dungeon Crawl Stone Soup version 0.31-a0-188-g5e087ee2ca (webtiles) character file.

Game seed: 8652820224789198040

84 qw the Shooter (level 4, -6/25 HPs)
             Began as a Deep Elf Hunter on June 23, 2023.
             Mangled by an orc warrior
             ... wielding a +0 mace
              (9 damage)
             ... on level 3 of the Dungeon.
             The game lasted 00:00:46 (1602 turns).

qw the Shooter (Deep Elf Hunter)                    Turns: 1602, Time: 00:00:46

Health: -6/25      AC:  7    Str: 10    XL:     4   Next: 23%
Magic:  6/6        EV: 12    Int: 14    God:
Gold:   227        SH:  0    Dex: 18    Spells: 3/3 levels left

rFire   . . .        Y - +0 shortbow
rCold   . . .        (shield currently unavailable)
rNeg    . . .        c - +0 leather armour
rPois   .            (no helmet)
rElec   .            (no cloak)
rCorr   .            (no gloves)
SInv    .            (no boots)
Will    .....        (no amulet)
Stlth   ++           d - +4 ring of protection
HPRegen 0.24/turn    (no ring)
MPRegen 0.10/turn

%: no passive effects
@: no status effects
A: no striking features
a: no special abilities


You were on level 3 of the Dungeon.
You visited 1 branch of the dungeon, and saw 3 of its levels.

You collected 227 gold pieces.


   Skills:
 - Level 1.5 Fighting
 + Level 7.6 Ranged Weapons
 - Level 2.4 Dodging
 - Level 1.2 Stealth


You had 3 spell levels left.
You didn't know any spells.
Your spell library was empty.

Inventory:

Hand Weapons
 Y - a +0 shortbow (weapon)
Armour
 b - a +1 leather armour of poison resistance
 c - a +0 leather armour (worn)
Jewellery
 d - a +4 ring of protection (left hand)
 f - an amulet of guardian spirit
Scrolls
 a - 3 scrolls of identify
Potions
 e - 3 potions of curing
 g - 2 potions of heal wounds

Dungeon Overview and Level Annotations

Branches:
Dungeon (3/15)

Altars:
Nemelex Xobeh

Shops:
D:1 [

Annotations:
D:3 1 runed translucent door, qw's ghost, amateur DEHu


Message History

The orc warrior shouts!
An orc comes into view. It is wielding a +0 flail.
Enter note:
Enter note:
Enter note:
Enter note:
Enter note:
Enter note: You shoot an arrow.
The orc shouts!
The arrow hits the orc warrior.
The orc warrior is lightly wounded.
You hear a shout!
You shoot an arrow.
The arrow closely misses the orc warrior.
You shoot an arrow.
The arrow barely misses the orc warrior.
An orc comes into view. It is wielding a +0 flail.
The orc warrior barely misses you.
You shoot an arrow. The arrow hits the orc warrior!
The orc warrior is moderately wounded.
You shoot an arrow.
The arrow hits the orc warrior but does no damage.
The orc warrior is moderately wounded.
The orc warrior hits you with a +0 mace.
You shoot an arrow.
The arrow hits the orc warrior but does no damage.
The orc warrior is moderately wounded.
The orc misses you.
The orc warrior hits you with a +0 mace!
You shoot an arrow. The arrow hits the orc warrior.
The orc warrior is heavily wounded.
The orc barely misses you.
The orc warrior hits you but does no damage.
You shoot an arrow.
The arrow hits the orc warrior but does no damage.
The orc warrior is heavily wounded.
The orc completely misses you.
The orc warrior hits you with a +0 mace! x2
You die...

#.#### 7~7%7# #.
#.# #~7#7~ #.
#.# +~ 7~ #. #.#
# # #
#<##.####.##
#.##...........
.#......#####.##
............#
#######@###.#
#ooo....#
#.###.### #.#
#.. ###


You could see an orc warrior and 2 orcs.

Vanquished Creatures
  2 adders
  A worm (D:2)
  A dart slug (D:1)
  2 bats
  8 endoplasms
  2 giant cockroaches (D:1)
  3 hobgoblins
  6 jackals
  4 quokkas
  7 ball pythons
  4 frilled lizards
  6 goblins
  4 kobolds
  5 rats
55 creatures vanquished.

Notes
Turn   | Place    | Note
-------+----------+-------------------------------------------
     0 | D:1      | qw the Deep Elf Hunter began the quest for the Orb.
     0 | D:1      | Reached XP level 1. HP: 12/12 MP: 3/3
     0 | D:1      | 0 ||| qw: Version: 0.3-a-9-g12657ce
     0 | D:1      | 0 ||| qw: Game counter: 3214
     0 | D:1      | 0 ||| qw: Always use a shield: true
     0 | D:1      | 0 ||| qw: God list: Okawaru
     0 | D:1      | 0 ||| qw: Allow faded altars: false
     0 | D:1      | 0 ||| qw: Do Orc after D:15 true
     0 | D:1      | 0 ||| qw: Do second Lair branch before Depths: true
     0 | D:1      | 0 ||| qw: Lair rune preference: random
     0 | D:1      | 0 ||| qw: Plans: Normal
     0 | D:1      | 0 ||| PLANNING D:1-11
    73 | D:1      | Reached XP level 2. HP: 14/16 MP: 4/4
    97 | D:1      | Reached skill level 6 in Ranged Weapons
   399 | D:1      | Reached XP level 3. HP: 9/20 MP: 5/5
   491 | D:1      | Found Neom's Antique Armour Shop.
   495 | D:1      | 495 ||| SHOPLISTING glowing ring mail (168 gold, have 51).
   495 | D:1      | 495 ||| SHOPLISTING helmet (108 gold, have 51).
   495 | D:1      | 495 ||| SHOPLISTING jewelled leather armour (168 gold, have
                  | 51).
   495 | D:1      | 495 ||| SHOPLISTING pair of boots (108 gold, have 51).
   495 | D:1      | 495 ||| SHOPLISTING pair of gloves (108 gold, have 51).
   495 | D:1      | 495 ||| SHOPLISTING ring mail (96 gold, have 51).
   495 | D:1      | 495 ||| SHOPLISTING scale mail (96 gold, have 51).
   495 | D:1      | 495 ||| SHOPLISTING transparent robe (136 gold, have 51).
   566 | D:1      | 566 ||| READING scroll labelled BYL ATIMIDENASK.
   567 | D:1      | 567 ||| READING scroll labelled UPNOATSAISY.
   568 | D:1      | 568 ||| DROPPING scroll of butterflies.
   655 | D:2      | Found a sparkling altar of Nemelex Xobeh.
   805 | D:2      | Reached skill level 7 in Ranged Weapons
  1253 | D:2      | 1253 ||| UPGRADING to +4 ring of protection.
  1254 | D:2      | 1254 ||| READING scroll labelled UTOMOWN NOSMEI.
  1255 | D:2      | 1255 ||| READING 4 scrolls of identify.
  1255 | D:2      | 1255 ||| IDENTIFYING fuming clear potion
  1256 | D:2      | 1256 ||| READING 3 scrolls of identify.
  1256 | D:2      | 1256 ||| IDENTIFYING metallic pink potion
  1257 | D:2      | 1257 ||| READING 2 scrolls of identify.
  1257 | D:2      | 1257 ||| IDENTIFYING yellow potion
  1258 | D:2      | 1258 ||| DROPPING potion of invisibility.
  1417 | D:3      | Reached XP level 4. HP: 25/25 MP: 6/6
  1423 | D:3      | Found a runed translucent door.
  1425 | D:3      | Noticed qw's ghost (amateur DEHu)
  1546 | D:3      | HP: 6/25 [adder (3)]
  1547 | D:3      | 1547 ||| DRINKING 3 potions of heal wounds.
  1566 | D:3      | 1566 ||| Stepping ~*~*~tactically~*~*~ (water).
  1594 | D:3      | Noticed an orc warrior
  1602 | D:3      | HP: 3/25 [orc warrior/+0 mace (9)]
  1602 | D:3      | Mangled by an orc warrior

Levels and vault maps discovered:
D:1:      amcnicky_arrival_feature_with_door, layout_basic, serial_shops,
          nicolae_shop_pleasant_corner_grove
D:2:      layout_loops_ring, basic_altar
D:3:      layout_loops_ring, ebering_ghost_sewer_f, saegor_snake_ambush

Skill      XL: |  1  2  3 |
---------------+----------+-----
Ranged Weapons | 6 7 |  7.6
Fighting       | |  1.5
Dodging        | |  2.4
Stealth        | |  1.2

Action                     |  1- 3 |  4- 6 || total
---------------------------+-------+-------++-------
   Fire: Shortbow          |   162 |    34 ||   196
    Use: Scroll            |     6 |       ||     6
         Potion            |       |     1 ||     1
 Armour: Leather armour    |    17 |    13 ||    30
  Dodge: Dodged            |    62 |    24 ||    86

Table legend:
 A = Non-vault XP
 B = Vault XP
 C = Vault XP percentage of total XP
 D = Non-vault monster count
 E = Vault monster count
 F = Vault count percentage of total count
                 A         B        C        D         E       F
            +---------+---------+-------+---------+---------+-------
      Total |      98 |      22 |  18.3 |      49 |       6 |  10.9
            +---------+---------+-------+---------+---------+-------
        D:1 |      43 |       0 |   0.0 |      25 |       0 |   0.0
        D:2 |      39 |       0 |   0.0 |      15 |       0 |   0.0
        D:3 |      16 |      22 |  57.9 |       9 |       6 |  40.0
            +---------+---------+-------+---------+---------+-------
